 Dungeon Sprint DCSS version 0.16-a0-3943-gb4b81e6 (webtiles) character file.

584 BluebellGnoll the Fighter (level 7, -16/96 HPs)
             Began as an Ogre Berserker on Feb 8, 2015.
             Was a Follower of Trog.
             Demolished by Menkaure (25 damage)
             ... in the Dungeon (Sprint II: "The Violet Keep of Menkaure").
             The game lasted 00:02:10 (383 turns).

BluebellGnoll the Fighter (Ogre Berserker)           Turns: 383, Time: 00:02:10

Health: -16/96     AC:  3    Str: 25    XL:     7   Next: 37%
Magic:  7/7        EV: 10    Int:  6    God:    Trog [*.....]
Gold:   486        SH:  0    Dex:  9    Spells: 0 memorised, 6 levels left

rFire  . . .     SeeInvis .     a - +0 mace
rCold  . . .     Clarity  .     b - +0 animal skin
rNeg   . . .     SustAb   .     (shield restricted)
rPois  .         Gourm    .     (helmet restricted)
rElec  .         Spirit   .     (no cloak)
rCorr  .         Warding  .     (gloves unavailable)
rMut   .         NoTele   +     (boots unavailable)
MR     ++...                    (no amulet)
Stlth  +.........               (no ring)
                                (no ring)

@: exhausted, regenerating, slowed, very slow, very resistant to hostile
enchantments, very unstealthy
A: unfitting armour, tough skin 1
a: Burn Spellbooks, Berserk, Renounce Religion


You were in the Dungeon.
You worshipped Trog.
Trog was aware of your devotion.
You were not hungry.

You visited 1 branch You collected 486 gold pieces.

Inventory:

Hand weapons
 a - a +0 mace (weapon)
Armour
 b - a +0 animal skin (worn)
Scrolls
 i - a scroll of blinking
Potions
 e - a potion of heal wounds
 f - a potion of haste
 g - 2 potions of magic
Comestibles
 c - a meat ration


   Skills:
 * Level 14.1 Fighting
 * Level 14.0 Maces & Flails
 - Level 1.5 Armour
 - Level 1.7 Dodging


You had 6 spell levels left.
You didn't know any spells.

Dungeon Overview and Level Annotations

Branches:
Dungeon (1/1)

Altars:

Shops:
D !?::?!([=(%*[=!}

Annotations:
D exclusion: oklob plant, Menkaure


Innate Abilities, Weirdness & Mutations

You are too large for most types of armour.
You have tough skin (AC +1).


Message History

Menkaure hits you!!
* * * LOW HITPOINT WARNING * * *
You are too injured to fight recklessly!
You hit Menkaure.
Menkaure is severely damaged.
Menkaure calls on the powers of darkness!
Your body is wracked with pain!
* * * LOW HITPOINT WARNING * * *
You hit Menkaure.
Menkaure is almost destroyed.
Menkaure calls on the powers of darkness!
Your body is wracked with pain!
* * * LOW HITPOINT WARNING * * *
You barely miss Menkaure.
Menkaure is almost destroyed.
You hit Menkaure.
Menkaure is almost destroyed.
You feel the effects of Trog's Hand fading.
Menkaure hits you!!
You die...

############≈≈
###########≈≈≈.
##........#≈≈≈≈.##+
##....⌠...#≈≈≈≈##.# ##
##...∩.∩..#≈≈≈≈#.###.#
##..∩.∩.∩.#≈≈####.#.#
##.∩.∩@M.∩#≈##.###'#
##∩.∩...∩.#≈#...##.##
##.∩.....∩'≈'##.'.<.+
##∩.......#≈#...##.##
#▓▓▓▓▓▓▓###≈##.###+#
##?DD######≈≈###
#!.$#a ##≈≈≈ #∩P!+a
+#≈ . $ ≈≈


You could see an oklob plant, 2 wyverns and Menkaure.

Vanquished Creatures
  2 hippogriffs (D)
  4 necrophages (D)
6 creatures vanquished.

Notes
Turn   | Place    | Note
--------------------------------------------------------------
     0 | D        | BluebellGnoll, the Ogre Berserker, began the quest for the Orb.
     0 | D        | Reached XP level 1. HP: 24/24 MP: 1/1
     1 | D        | Noticed a hippogriff
     1 | D        | Noticed a hippogriff
     6 | D        | Killed a hippogriff
     6 | D        | Reached skill level 9 in Fighting
     6 | D        | Reached XP level 2. HP: 24/45 MP: 2/2
     6 | D        | Reached XP level 3. HP: 28/53 MP: 3/3
     6 | D        | Reached XP level 4. HP: 32/61 MP: 4/4
     6 | D        | Reached XP level 5. HP: 35/68 MP: 5/5
    11 | D        | HP: 2/102 [hippogriff (8)]
    13 | D        | Killed a hippogriff
    13 | D        | Reached skill level 11 in Fighting
    13 | D        | Reached XP level 6. HP: 2/81 MP: 6/6
    20 | D        | Acquired Trog's second power
   340 | D        | Noticed a necrophage
   340 | D        | Noticed a necrophage
   340 | D        | Noticed a necrophage
   340 | D        | Noticed a necrophage
   343 | D        | Killed a necrophage
   343 | D        | Reached skill level 12 in Fighting
   347 | D        | Killed a necrophage
   347 | D        | Reached skill level 13 in Fighting
   352 | D        | Killed a necrophage
   352 | D        | Reached XP level 7. HP: 94/94 MP: 7/7
   356 | D        | Killed a necrophage
   356 | D        | Reached skill level 14 in Fighting
   362 | D        | Found Schoxeru's Jewellery Shoppe.
   362 | D        | Found Miumiup's Distillery.
   362 | D        | Found Wanim's Assorted Antiques.
   362 | D        | Found Umodaa's Antique Armour Emporium.
   362 | D        | Found Negecieh's Weapon Shoppe.
   362 | D        | Found Cluiwuom's Food Shoppe.
   363 | D        | Found Cliast's Antique Weapon Shoppe.
   363 | D        | Found Hyirahyuh's Jewellery Shoppe.
   363 | D        | Found Xucho's Antique Armour Emporium.
   364 | D        | Found Goneeschyadgh's Distillery.
   364 | D        | Noticed a wyvern
   365 | D        | Found Crasac's Gadget Emporium.
   365 | D        | Found Etroemn's Magic Scroll Shoppe.
   366 | D        | Found Mneus' Magic Scroll Shoppe.
   366 | D        | Found Isuxymp's Distillery.
   366 | D        | Found Shybaun's Book Emporium.
   366 | D        | Noticed Menkaure
   366 | D        | Noticed a wyvern
   369 | D        | Noticed an oklob plant
   372 | D        | Noticed a soldier ant
   374 | D        | Found Psetruenu's Book Shoppe.
   374 | D        | Noticed a soldier ant
   383 | D        | Demolished by Menkaure

Action                   |  1- 3 |  4- 6 |  7- 9 || total
-------------------------+-------+-------+-------++-------
Melee: Mace              |     3 |    17 |    11 ||    31
Invok: Trog's Hand       |       |     1 |     1 ||     2
       Berserk           |       |     1 |       ||     1
  Use: Potion            |     1 |       |     1 ||     2
